Map: Dasan Station LE

Players

RGT - Winner!

  • Race: Terran Terran
  • League: Gold
  • Spawn Location: 12:00

Fropez

  • Race: Protoss Protoss
  • League: Gold
  • Spawn Location: 6:00

VOD

Have the link to the VOD?

Description

Time

  • Played on: Sept. 16, 2016, 10:38 a.m.
  • Length: 6:49
Show
View Real Time Build Order
Export as new Build Order

RGT Terran - Winner!

Build Orders:  

Get SALT Encoding   

  12  0:01  SCV  
  13  0:13  SCV  
  14  0:18  Supply Depot  
  14  0:25  SCV  
  15  0:39  SCV  
  15  0:40  Barracks  
  16  0:45  Refinery  
  16  0:51  SCV  
  16  0:56  Refinery  
  17  1:03  SCV  
  18  1:15  SCV  
  19  1:29  Reaper  
  21  1:37  Orbital Command  
  20  1:45  Barracks  
  20  1:51  Supply Depot  
  20  2:04  Barracks Reactor  
  20  2:05  Factory  
  20  2:12  SCV  
  21  2:25  SCV  
  22  2:36  Barracks Tech Lab  
  22  2:37  SCV  
  22  2:41  Marine x2  
  25  2:51  Factory Reactor  
  25  2:53  Starport  
  25  2:58  Marine  
  25  2:59  Stimpack, Marine  
  25  3:00  Marine  
  28  3:06  SCV  
  29  3:18  Supply Depot  
  29  3:22  Marine x2  
  31  3:41  Medivac  
  31  3:42  Marine, Supply Depot, Medivac  
  31  3:43  Marine x2  
  31  3:47  SCV  
  31  3:48  Factory Tech Lab  
  39  4:04  SCV  
  39  4:06  Marine x2  
  39  4:07  Marine, Supply Depot  
  43  4:13  Siege Tank  
  46  4:29  Marine x3  
  50  4:31  SCV  
  50  4:47  Marine  
  49  5:05  Marine  
  49  5:06  Marine  
  40  5:24  Marine x3  
  39  5:44  Marine x3  
  41  5:55  Medivac  
  41  5:56  SCV  
  42  6:02  Marine x2  
  44  6:05  Command Center  
  42  6:17  Marine  
  43  6:20  Marine x2  
Show
View Real Time Build Order
Export as new Build Order

Fropez Protoss 

Build Orders:  

Get SALT Encoding   

  12  0:01  Probe (Chrono Boost)  
  13  0:11  Probe (Chrono Boost)  
  14  0:22  Pylon, Probe (Chrono Boost)  
  15  0:44  Gateway  
  15  0:47  Gateway  
  15  0:51  Probe (Chrono Boost)  
  16  0:59  Assimilator  
  16  1:04  Pylon  
  16  1:06  Probe (Chrono Boost)  
  17  1:12  Pylon  
  17  1:16  Probe (Chrono Boost)  
  18  1:27  Probe (Chrono Boost)  
  19  1:33  Cybernetics Core  
  19  1:40  Probe (Chrono Boost)  
  19  1:44  Assimilator  
  20  1:50  Probe (Chrono Boost)  
  21  1:58  Pylon  
  22  2:01  Probe (Chrono Boost)  
  22  2:09  Warp Gate (Chrono Boost)  
  23  2:20  Mothership Core  
  24  2:37  Pylon  
  24  2:40  Adept  
  24  2:41  Adept, Probe  
  29  2:53  Probe  
  30  3:02  Nexus  
  30  3:08  Probe  
  30  3:12  Adept  
  33  3:18  Adept  
  35  3:27  Probe  
  36  3:39  Adept, Probe  
  39  3:45  Adept  
  41  3:51  Probe  
  42  4:06  Adept  
  44  4:11  Probe  
  44  4:12  Probe  
  46  4:21  Pylon  
  46  4:23  Probe  
  47  4:26  Probe  
  48  4:31  Twilight Council  
  48  4:34  Pylon  
  48  4:35  Probe  
  40  5:09  Robotics Facility  
  40  5:10  Assimilator  
  27  5:37  Adept x2  
  31  5:49  Probe  
  31  5:51  Probe  
  33  6:17  Adept x2  
Tags
 
League
GoldGold
Matchup
PvT
Replay Pack
All Mines
Spawn Locations
Cross Positions
Add a new tag
Caveats
  • Supply blocks, unpowered buildings, or Contaminate may cause inaccurate times.
  • Supply counts are checked every 10 seconds.